 Dungeon Crawl Stone Soup version 0.30.1-11-g7821555f0a (webtiles) character file.

Game seed: 12409401837204267974

158490 CrazyMind the Lord of Darkness (level 17, 0/113 HPs)
             Began as a Demonspawn Necromancer on Nov 6, 2023.
             Was the Champion of Kikubaaqudgha.
             Slain by a salamander
             ... wielding a +0 spear
              (2 damage)
             ... on level 3 of the Snake Pit on Nov 20, 2023.
             The game lasted 04:00:41 (34485 turns).

CrazyMind the Lord of Darkness (DsNe)              Turns: 34485, Time: 04:00:41

Health: 0/113      AC: 11    Str:  8    XL:     17   Next: 14%
Magic:  42/46      EV: 13    Int: 27    God:    Kikubaaqudgha [******]
Gold:   1727       SH:  8    Dex: 17    Spells: 7/48 levels left

rFire   + + +        l - +9 rapier (pain)
rCold   + . .        n - +2 buckler "Wocug" {Int+2}
rNeg    . . .        G - +0 acid dragon scales
rPois   +            z - +0 helmet
rElec   +            (cloak unavailable)
rCorr   +            r - +0 pair of gloves
SInv    +            q - +1 pair of boots of Impermeability {*Corrode rF+++ Dex+3 SInv}
Will    ++++.        g - amulet of Lemuidiu {RegenMP rC+ rCorr MP+9}
Stlth   +++          x - ring "Witous" {*Corrode rPois Will+++ Str-3 SInv}
HPRegen 0.38/turn    E - ring of Tyex {Wiz rElec Str+3}
MPRegen 0.70/turn

%: corrode self (6%), wizardry (x1)
@: death channelling, corroded, animating dead
A: icemail 1, powered by pain 2, sharp scales 3, condensation shield, weakness
stinger 3
a: Renounce Religion, Unearth Wretches, Torment


You were on level 3 of the Snake Pit.
You worshipped Kikubaaqudgha.
Kikubaaqudgha was exalted by your worship.
You visited 5 branches of the dungeon, and saw 26 of its levels.
You also visited: Sewer, Ice Cave and Volcano.

You collected 3091 gold pieces.
You spent 1364 gold pieces at shops.

Inventory:

Hand Weapons
 l - a +9 rapier of pain (weapon)
 U - the +3 rapier "Humucif" {freeze, rC+}
   (You found it on level 9 of the Dungeon)

   rC:        It protects you from cold.
Missiles
 C - 24 boomerangs (quivered)
 F - 65 poisoned darts
 M - 2 throwing nets
 P - 6 boomerangs of dispersal
 X - 3 curare-tipped darts
Armour
 n - the +2 buckler "Wocug" (worn) {Int+2}
   (You found it on level 12 of the Dungeon)

   Int:       It affects your intelligence (+2).
 q - the +1 pair of boots of Impermeability (worn) {*Corrode rF+++ Dex+3 SInv}
   (You found it in a sewer)

   Dex:       It affects your dexterity (+3).
   rF:        It renders you almost immune to fire.
   SInv:      It lets you see invisible.
   *Corrode:  It may corrode you when you take damage.
 r - a +0 pair of gloves (worn)
 z - a +0 helmet (worn)
 G - +0 acid dragon scales (worn)
Jewellery
 g - the amulet of Lemuidiu (around neck) {RegenMP rC+ rCorr MP+9}
   (You acquired it on level 1 of the Snake Pit)

   [amulet of magic regeneration]

   It increases your rate of magic regeneration.
   rC:        It protects you from cold.
   MP:        It affects your magic capacity (+9).
   rCorr:     It protects you from acid and corrosion.
 i - a ring of protection from cold
 k - an amulet of reflection
 x - the ring "Witous" (left hand) {*Corrode rPois Will+++ Str-3 SInv}
   (You found it on level 2 of the Lair of Beasts)

   [ring of see invisible]

   Str:       It affects your strength (-3).
   rPois:     It protects you from poison.
   SInv:      It lets you see invisible.
   *Corrode:  It may corrode you when you take damage.
   Will:      It greatly increases your willpower.
 A - a ring of protection from fire
 E - the ring of Tyex (right hand) {Wiz rElec Str+3}
   (You found it on level 6 of the Dungeon)

   [ring of wizardry]

   It improves your spell success rate.
   Str:       It affects your strength (+3).
   rElec:     It insulates you from electricity.
 N - a ring of protection from cold
Wands
 a - a wand of paralysis (13)
 p - a wand of flame (38)
 B - a wand of digging (7)
 Q - a wand of mindburst (16)
 T - a wand of iceblast (7)
 Y - a wand of polymorph (4)
Scrolls
 e - 12 scrolls of teleportation
 h - 7 scrolls of fog
 j - 5 scrolls of vulnerability
 m - 6 scrolls of immolation
 t - 2 scrolls of magic mapping
 w - 2 scrolls of torment
 y - 3 scrolls of silence
 I - 5 scrolls of poison
 K - 2 scrolls of enchant armour
 L - 5 scrolls of amnesia
 R - 2 scrolls of fear
 W - a scroll of butterflies
Potions
 b - 4 potions of brilliance
 c - 6 potions of flight
 d - 7 potions of curing
 o - 2 potions of heal wounds
 s - 5 potions of mutation
 u - 4 potions of berserk rage
 v - 2 potions of cancellation
 D - 4 potions of resistance
 H - a potion of attraction
 J - 5 potions of might
 O - a potion of invisibility
 S - 2 potions of magic
 V - 2 potions of haste
 Z - 4 potions of lignification
Miscellaneous
 f - a phial of floods


   Skills:
 + Level 4.7 Fighting
 * Level 11.3 Short Blades
 + Level 2.4 Throwing
 + Level 5.5 Armour
 + Level 5.3 Dodging
 + Level 5.6 Stealth
 * Level 7.8 Shields
 + Level 16.0 Spellcasting
 + Level 5.2 Conjurations
 + Level 3.8 Hexes
 * Level 17.5 Necromancy
 + Level 0.8 Transmutations
 + Level 4.6 Air Magic
 + Level 4.7 Poison Magic
 + Level 1.5 Evocations


You had 7 spell levels left.
You knew the following spells:

 Your Spells              Type           Power      Damage    Failure   Level
a - Necrotise             Necr           100%       1d9       0%          1
b - Vampiric Draining     Necr           86%        2d12      0%          3
c - Animate Dead          Necr           86%        N/A       1%          4
d - Agony                 Necr           86%        N/A       1%          5
e - Sublimation of Blood  Necr           86%        N/A       0%          2
f - Wereblood             Tmut           26%        N/A       2%          2
g - Dispel Undead         Necr           86%        3d28      1%          4
h - Anguish               Hex/Necr       34%        N/A       1%          4
i - Death Channel         Necr           43%        N/A       1%          6
j - Mephitic Cloud        Conj/Pois/Air  48%        N/A       1%          3
k - Borgnjor's Vile Clut  Necr/Erth      31%        N/A       1%          5
l - Passwall              Tmut/Erth      20%        N/A       2%          2

Your spell library contained the following spells:

 Spells                   Type           Power      Damage    Failure   Level
 Beastly Appendage        Tmut           52%        N/A       1%          1
 Kiss of Death            Conj/Necr      100%       2d13      1%          1
 Magic Dart               Conj           100%       1d8       1%          1
 Slow                     Hex            100%       N/A       1%          1
 Sting                    Tmut/Pois      100%       1d8       1%          1
 Cigotuvi's Dreadful Rot  Necr/Pois/Air  100%       N/A       1%          2
 Static Discharge         Conj/Air       96%        2-6/arc   1%          2
 Confusing Touch          Hex            42%        N/A       1%          3
 Spider Form              Tmut/Pois      36%        N/A       1%          3
 Apportation              Tloc           42%        N/A       2%          1
 Sandblast                Erth           42%        2d11      2%          1
 Summon Small Mammal      Summ           84%        N/A       2%          1
 Hailstorm                Conj/Ice       35%        3d9       2%          3
 Stone Arrow              Conj/Erth      70%        3d11      2%          3
 Call Imp                 Summ           42%        N/A       3%          2
 Portal Projectile        Hex/Tloc       64%        N/A       3%          3
 Airstrike                Air            23%        2d(4-20)  3%          4
 Call Canine Familiar     Summ           21%        N/A       6%          3
 Gell's Gravitas          Tloc           21%        N/A       6%          3
 Ozocubu's Armour         Ice            21%        N/A       6%          3
 Teleport Other           Tloc           21%        N/A       6%          3
 Summon Lightning Spire   Summ/Air       34%        N/A       9%          4
 Simulacrum               Ice/Necr       31%        N/A       9%          6
 Leda's Liquefaction      Hex/Erth       16%        N/A       10%         4
 Ice Form                 Ice/Tmut       24%        N/A       17%         4
 Alistair's Intoxication  Tmut/Pois      24%        N/A       19%         5
 Metabolic Englaciation   Hex/Ice        16%        N/A       26%         5
 Eringya's Noxious Bog    Tmut/Pois      18%        N/A       67%         6
 Statue Form              Tmut/Erth      16%        N/A       93%         6
 Dispersal                Tloc           10%        N/A       96%         6
 Storm Form               Tmut/Air       18%        N/A       99%         7
 Summon Hydra             Summ           10%        N/A       100%        7
 Necromutation            Tmut/Necr      31%        N/A       96%         8
 Maxwell's Capacitive Co  Air            23%        ∞         100%        8


Dungeon Overview and Level Annotations

Branches:
Dungeon (15/15) Zot: 24755  Temple (1/1) D:6 Zot: 5596    Lair (5/5) D:9 Zot: 21706
  Swamp (0/4) Lair:2        Snake (3/4) Lair:3 Zot: 13986   Slime (0/5) Lair:5
    Orc (2/2) D:10 Zot: 9591     Elf (0/3) Orc:2        Vaults (0/5) D:13
 Depths (0/4) D:15          Sewer (visited)           IceCv (visited)
Volcano (visited)

Altars:
Ashenzari
Cheibriados
Dithmenos
Fedhas
Gozag
Hepliaklqana
Kikubaaqudgha
Makhleb
Nemelex Xobeh
Okawaru
Qazlal
Ru
Sif Muna
Trog
Uskayaw
Vehumet
Wu Jian
Xom
Yredelemnul
Jiyva

Shops:
D:4 :   Orc:2 [:**!   Snake:1 ?=!

Portals:
Pandemonium: Orc:2

Annotations:
D:3 1 runed translucent door, Dado's ghost, amateur FoVM
D:13 exclusion: obsidian statue
D:14 3 runed translucent doors
Orc:2 2 runed translucent doors, 2 transporters, exclusion: orange crystal statue, HourglassMan's ghost, journeyman MiBe


Innate Abilities, Weirdness & Mutations

A meltable icy envelope protects you from harm. (AC +0)
You sometimes gain power by taking damage.
You are completely covered in razor-sharp scales. (AC +3, Slay +3)
A meltable shield of frost defends you. (SH +0)
You have a sharp stinger which inflicts weakening toxins.


Message History

The shock serpent is engulfed in noxious fumes.
The black mamba bites you but does no damage.
The salamander closely misses you.
The salamander is engulfed in noxious fumes.
You barely miss the salamander.
The salamander is lightly wounded.
You block the black mamba's attack.
A naga ritualist comes into view. It is wielding a +0 mace.
A naga comes into view. It is wielding a +0 battleaxe.
The naga sharpshooter unwields a +0 halberd.
The naga sharpshooter wields a +0 arbalest.
The naga sharpshooter casts a spell.
The naga sharpshooter magically shoots a bolt.
The bolt hits you!
You focus on the pain.
You feel your power returning.
The naga sharpshooter gestures wildly while chanting.
The naga sharpshooter magically shoots an arrow.
You block the arrow.
The naga sharpshooter mumbles some strange words.
The naga sharpshooter magically shoots an arrow.
The arrow barely misses you.
The salamander hits you from afar with a +0 spear!
You are engulfed in flames.
You resist.
The salamander is wracked by anguish!
A naga mage comes into view. It is wielding a +0 flail.
The salamander hits you from afar with a +0 trident.
You are engulfed in flames.
You resist.
The salamander is wracked by anguish!
The salamander hits you with a +0 glaive.
Your corrosive artefact corrodes you!
You are engulfed in flames.
You resist.
The salamander is wracked by anguish.
You hear a shout!
You hear an angry hiss.
The black mamba closely misses you.
The naga sharpshooter shoots an arrow.
The arrow hits you!
* * * LOW HITPOINT WARNING * * *
The naga sharpshooter shoots an arrow.
The arrow hits you!!
* * * LOW HITPOINT WARNING * * *
The naga sharpshooter is wracked by anguish!!
The salamander hits you from afar with a +0 spear.
* * * LOW HITPOINT WARNING * * *
You are engulfed in flames.
You resist.
You die...
Kikubaaqudgha rasps: "You have failed me!
Welcome... death!"

N...#.
#....#
....##
#....#
#....#
#.NS.##
#SN.)##
#.@...#
##..N.$#
##......#
##..N....
#....N.
##.NN.
#NN. ###


You could see a naga warrior, 3 naga sharpshooters, 3 salamanders, a naga
ritualist, a shock serpent (confused, anguished), a black mamba (weak,
anguished), a naga mage and a naga.

Vanquished Creatures
  Roxanne (D:15)
  A very ugly thing (D:14)
  A vault guard (D:13)
  A salamander tyrant (Snake:2)
  A hydra (Lair:5)
  2 demonspawn (Orc:2)
  3 anacondas
  2 centaur warriors
  Erica (Orc:1)
  6 boulder beetles
  3 two-headed ogres
  8 naga warriors
  2 shock serpents
  5 orc high priests (Orc:2)
  2 death yaks (IceCv)
  A soul eater (Orc:2)
  A sixfirhy (Orc:2)
  6 naga sharpshooters
  2 salamander mystics
  A spriggan rider (Lair:5)
  4 skeletal warriors (D:13)
  2 naga ritualists (Snake:2)
  A deep troll (D:15)
  2 wizards (D:15)
  4 orc knights
  4 oklob plants (Lair:1)
  2 mana vipers
  3 deep elf pyromancers
  4 ugly things
  5 orc sorcerers
  3 cyclopes (D:13)
  4 salamanders (Volcano)
  3 guardian serpents
  4 naga magi
  21 black mambas
  An elephant (D:9)
  An ice statue (IceCv)
  2 unseen horrors
  7 cane toads
  3 gargoyles
  Maggie (D:7)
  An ice devil (Orc:2)
  3 rime drakes
  4 komodo dragons
  A freezing wraith (D:15)
  8 polar bears
  A hornet (D:8)
  7 trolls
  6 blink frogs
  A tarantella (shapeshifter) (D:15)
  4 slime creatures
  A jumping spider (shapeshifter) (D:13)
  Sigmund (D:4)
  A shadow (D:11)
  2 spriggans (Lair:5)
  A wraith (D:11)
  A vampire (D:11)
  A ynoxinul (Orc:2)
  A basilisk (shapeshifter) (D:13)
  6 fire bats (Volcano)
  3 wyverns
  33 yaks
  3 basilisks
  2 steam dragons (D:8)
  13 nagas
  A warg (Orc:1)
  5 water moccasins
  3 acid dragons
  5 black bears
  25 orc warriors
  3 ice beasts
  2 ogres
  A lindwurm zombie (Volcano)
  A boggart (D:15)
  19 wolves
  3 centaurs
  A phantom (D:3)
  8 kobold brigands
  11 bullfrogs
  A gnoll sergeant (D:12)
  2 scorpions
  13 wights
  14 killer bees
  3 vampire bats (Orc:2)
  4 howler monkeys
  4 lava snakes (Volcano)
  A crimson imp (D:13)
  7 hounds
  2 iron imps (D:13)
  20 orc priests
  5 jellies
  Jessica (D:3)
  4 sleepcaps
  2 iguanas
  18 orc wizards
  5 gnolls
  11 adders
  4 river rats (Sewer)
  4 shadow imps
  An ufetubus (D:13)
  4 worms
  3 dart slugs
  77 orcs
  10 endoplasms
  7 giant cockroaches
  7 goblins
  4 hobgoblins
  10 jackals
  6 quokkas
  12 ball pythons
  12 bats
  4 frilled lizards
  17 kobolds
  4 rats
627 creatures vanquished.

Vanquished Creatures (collateral kills)
  Rupert (Lair:3)
  A red draconian (Volcano)
  A hydra (D:15)
  4 anacondas
  A boulder beetle (D:14)
  2 tengu warriors
  3 naga warriors
  2 death yaks (IceCv)
  6 naga sharpshooters
  A skyshark (Lair:5)
  A naga ritualist (Snake:1)
  A deep elf pyromancer (D:15)
  4 ugly things (D:15)
  A salamander (Snake:1)
  A guardian serpent (Snake:1)
  2 black mambas (Snake:1)
  6 elephants (Lair:3)
  A gargoyle (Volcano)
  5 cane toads
  A molten gargoyle (Volcano)
  7 naga magi
  3 komodo dragons
  A yaktaur (shapeshifter) (D:14)
  2 polar bears (IceCv)
  A troll (Orc:1)
  4 dream sheep (Lair:5)
  3 blink frogs (Lair:3)
  2 hornets (Lair:5)
  5 spriggans (Lair:5)
  2 slime creatures (D:12)
  26 yaks
  A steam dragon (Lair:3)
  A basilisk (Lair:2)
  An acid dragon (D:11)
  7 nagas
  3 water moccasins
  An orc warrior (Orc:2)
  2 black bears
  3 boggarts (Lair:5)
  11 wolves
  A gnoll sergeant (D:8)
  A bullfrog (Lair:2)
  7 wights
  A jelly (Lair:5)
  4 orc priests
  5 orc wizards
  7 gnolls
  An adder (Sewer)
  A river rat (Sewer)
  10 orcs
  2 endoplasms
  A giant cockroach (Sewer)
  A goblin (D:1)
  2 hobgoblins
  2 kobolds
  A quokka (D:4)
  3 ball pythons (Sewer)
  6 bats
  2 frilled lizards
  2 rats
191 creatures vanquished.

Vanquished Creatures (others)
  A fire giant (D:15)
  An ettin (D:15)
  2 ironbound frosthearts (IceCv)
  3 hydras
  A demonspawn (Orc:2)
  A two-headed ogre (D:11)
  2 boulder beetles
  2 anacondas (Snake:1)
  A catoblepas (Lair:2)
  A naga warrior (Snake:2)
  A naga sharpshooter (Snake:1)
  An orc high priest (Orc:2)
  A tengu warrior (D:15)
  A spriggan rider (Lair:5)
  A skyshark (Lair:2)
  An anaconda zombie (Snake:2)
  A wizard (D:15)
  A deep elf archer (D:15)
  5 lindwurms (Volcano)
  An orc knight (Orc:2)
  2 deep elf pyromancers
  A mana viper (Snake:1)
  2 orc sorcerers
  A manticore (D:13)
  2 ugly things
  2 naga magi (Snake:1)
  10 salamanders
  A salamander (shapeshifter) (D:15)
  A guardian serpent (Snake:2)
  A centaur zombie (D:14)
  8 black mambas
  3 cane toads
  A rime drake (IceCv)
  A red draconian zombie (Volcano)
  2 komodo dragons
  5 polar bears
  A troll (D:7)
  2 guardian serpent zombies
  3 blink frogs
  A dream sheep (Lair:5)
  7 black mamba zombies
  A fire bat (Volcano)
  3 spriggans (Lair:5)
  7 yaks
  Grum (D:11)
  3 nagas
  3 water moccasins
  3 cane toad zombies
  3 orc warriors
  2 lindwurm zombies (Volcano)
  6 naga zombies
  A black bear (Lair:5)
  A hornet zombie (D:8)
  9 wolves
  An ogre (Orc:2)
  A boggart (Lair:5)
  2 kobold brigands (D:13)
  10 salamander zombies
  2 bullfrogs
  A cyclops zombie (D:13)
  2 water moccasin zombies
  14 yak zombies
  A spriggan zombie (Lair:5)
  7 wolf zombies
  4 bullfrog zombies
  A black bear zombie (Lair:5)
  5 orc priests
  A boggart zombie (D:15)
  A killer bee zombie (D:7)
  3 hound zombies (D:6)
  A howler monkey zombie (D:7)
  An adder zombie (Sewer)
  9 orcs
  A bat zombie (Orc:2)
  A giant cockroach (D:7)
  3 gnoll zombies (D:12)
  4 kobolds
  5 kobold zombies (D:13)
  62 orc zombies
272 creatures vanquished.

Grand Total: 1090 creatures vanquished

Notes
Turn   | Place    | Note
-------+----------+-------------------------------------------
     0 | D:1      | CrazyMind the Demonspawn Necromancer began the quest for
                  | the Orb.
     0 | D:1      | Reached XP level 1. HP: 13/13 MP: 3/3
   159 | D:1      | Gained mutation: You sometimes gain a little power by
                  | taking damage. [demonic ancestry]
   159 | D:1      | Reached XP level 2. HP: 19/19 MP: 3/5
   278 | D:1      | Reached skill level 5 in Necromancy
   290 | D:1      | Gained mutation: A meltable shield of frost defends you.
                  | (SH +0) [demonic ancestry]
   290 | D:1      | Reached XP level 3. HP: 4/24 MP: 3/6
   692 | D:1      | Learned a level 3 spell: Vampiric Draining
   910 | D:2      | Found a faded altar of an unknown god.
  1217 | D:2      | Noticed an ogre
  1470 | D:2      | Gained mutation: You sometimes gain power by taking damage.
                  | [demonic ancestry]
  1470 | D:2      | Reached XP level 4. HP: 30/30 MP: 4/8
  1552 | D:2      | Learned a level 4 spell: Animate Dead
  1684 | D:3      | Noticed Jessica
  1693 | D:3      | Killed Jessica
  2153 | D:3      | Reached skill level 6 in Necromancy
  2153 | D:3      | Gained mutation: You have a small tail. [demonic ancestry]
  2153 | D:3      | Reached XP level 5. HP: 35/35 MP: 6/10
  2309 | D:3      | Found a runed translucent door.
  2311 | D:3      | Noticed Dado's ghost (amateur FoVM)
  2835 | D:4      | Noticed a phantom
  2907 | D:3      | Killed a phantom
  3071 | D:4      | Gained mutation: You are partially covered in razor-sharp
                  | scales. (AC +1, Slay +1) [demonic ancestry]
  3071 | D:4      | Reached XP level 6. HP: 42/42 MP: 6/11
  3125 | D:4      | Found Poshazxa's Book Emporium.
  3193 | D:4      | Found a bloodstained altar of Trog.
  3288 | D:4      | Learned a level 5 spell: Agony
  3562 | D:4      | Reached skill level 7 in Necromancy
  3869 | D:4      | Reached XP level 7. HP: 47/47 MP: 10/13
  3891 | D:4      | Noticed Sigmund
  4197 | D:5      | Entered Level 5 of the Dungeon
  4337 | D:5      | Found a glowing drain.
  4355 | Sewer    | Entered a sewer
  4641 | Sewer    | Identified the +1 pair of boots of Impermeability {*Corrode
                  | rF+++ Dex+3 SInv}
  5079 | D:5      | Learned a level 2 spell: Sublimation of Blood
  5216 | D:5      | Reached skill level 5 in Spellcasting
  5374 | D:5      | Reached skill level 8 in Necromancy
  5528 | D:5      | Gained mutation: You have a tail ending in a sharp stinger.
                  | [demonic ancestry]
  5528 | D:5      | Reached XP level 8. HP: 43/53 MP: 7/16
  5672 | D:5      | Found an ornate altar of the Wu Jian Council.
  6155 | D:6      | Reached skill level 1 in Shields
  6394 | D:6      | Reached skill level 9 in Necromancy
  6455 | D:6      | Found a staircase to the Ecumenical Temple.
  6464 | Temple   | Entered the Ecumenical Temple
  6862 | Temple   | Became a worshipper of Kikubaaqudgha
  7074 | D:6      | Identified the ring of Tyex {Wiz rElec Str+3}
  7362 | D:6      | Reached skill level 1 in Fighting
  7729 | D:7      | Gained mutation: You have a sharp stinger which inflicts
                  | weakening toxins. [demonic ancestry]
  7729 | D:7      | Reached XP level 9. HP: 42/59 MP: 10/20
  7882 | D:7      | Noticed Maggie
  7931 | D:6      | Learned a level 2 spell: Wereblood
  8683 | D:2      | Reached skill level 1 in Short Blades
  8786 | D:4      | Killed Sigmund
  8885 | D:8      | Reached skill level 10 in Necromancy
  8996 | D:8      | Reached * piety under Kikubaaqudgha
  8996 | D:8      | Received a gift from Kikubaaqudgha
  9198 | D:8      | Reached skill level 1 in Armour
  9441 | D:7      | Killed Maggie
  9728 | D:7      | Reached XP level 10. HP: 66/66 MP: 23/23
  9756 | D:7      | Reached skill level 1 in Evocations
 10250 | D:8      | Reached skill level 11 in Necromancy
 10267 | D:8      | Reached ** piety under Kikubaaqudgha
 10396 | D:8      | Found a blossoming altar of Fedhas.
 10799 | D:9      | Reached skill level 10 in Spellcasting
 11015 | D:9      | Reached skill level 12 in Necromancy
 11184 | D:9      | Found a staircase to the Lair.
 11184 | D:9      | Noticed an elephant
 11210 | D:9      | Identified the +3 rapier "Humucif" {freeze, rC+}
 11290 | D:9      | Killed an elephant
 11512 | D:9      | Reached *** piety under Kikubaaqudgha
 11512 | D:9      | Received a gift from Kikubaaqudgha
 11518 | D:9      | Learned a level 4 spell: Dispel Undead
 11523 | D:9      | Learned a level 4 spell: Anguish
 11571 | D:10     | Entered Level 10 of the Dungeon
 11591 | D:10     | Gained mutation: A meltable icy envelope protects you from
                  | harm. (AC +0) [demonic ancestry]
 11591 | D:10     | Reached XP level 11. HP: 58/72 MP: 19/25
 11979 | D:10     | Noticed a two-headed ogre
 12350 | D:10     | Killed a two-headed ogre
 12351 | D:10     | Reached skill level 1 in Throwing
 12437 | D:10     | Found a staircase to the Orcish Mines.
 12540 | D:10     | Noticed a two-headed ogre
 12554 | D:10     | Killed a two-headed ogre
 12915 | Lair:1   | Entered Level 1 of the Lair of Beasts
 12923 | Lair:1   | Learned a level 6 spell: Death Channel
 12999 | Lair:1   | Reached skill level 5 in Short Blades
 13568 | Lair:1   | Noticed an oklob plant
 13568 | Lair:1   | Noticed an oklob plant
 13997 | Lair:2   | Found an ancient bone altar of Kikubaaqudgha.
 14027 | Lair:2   | Noticed a boulder beetle
 14043 | Lair:2   | Reached skill level 13 in Necromancy
 14090 | Lair:2   | HP: 3/74 [poisoned by a cane toad]
 14092 | Lair:2   | HP: 1/74 [poisoned by a cane toad]
 14136 | Lair:2   | Killed a boulder beetle
 14137 | Lair:2   | Reached XP level 12. HP: 16/80 MP: 5/27
 14421 | Lair:2   | Noticed a boulder beetle
 14434 | Lair:2   | Killed a boulder beetle
 14618 | Lair:2   | Noticed a catoblepas
 14815 | Lair:2   | Identified the ring "Witous" {*Corrode rPois Will+++ Str-3
                  | SInv}
 14978 | Lair:2   | Learned a level 3 spell: Mephitic Cloud
 15393 | Lair:2   | Found a staircase to the Swamp.
 15724 | Lair:2   | Lair:3
 15743 | Lair:2   | Reached skill level 1 in Air Magic
 15843 | Lair:3   | Found a dark tunnel.
 15858 | Volcano  | Entered a volcano
 15969 | Volcano  | Reached **** piety under Kikubaaqudgha
 16147 | Volcano  | Reached skill level 1 in Conjurations
 16238 | Volcano  | Reached skill level 1 in Poison Magic
 16295 | Volcano  | Found a bloodstained altar of Trog.
 16325 | Volcano  | Noticed a red draconian
 16623 | Volcano  | HP: 2/81 [red draconian/+2 halberd of flaming (17)]
 16633 | Volcano  | Killed a red draconian
 16863 | Volcano  | Gained mutation: You are mostly covered in razor-sharp
                  | scales. (AC +2, Slay +2) [demonic ancestry]
 16863 | Volcano  | Reached XP level 13. HP: 87/87 MP: 29/29
 17022 | Lair:3   | Reached skill level 14 in Necromancy
 17169 | Lair:3   | Reached XP level 14. HP: 73/93 MP: 3/30
 17264 | Lair:3   | Noticed Rupert
 17277 | Lair:3   | Killed Rupert
 17615 | Lair:3   | Found a staircase to the Snake Pit.
 18333 | Lair:4   | Found a frozen archway.
 18356 | IceCv    | Entered an ice cave
 18875 | IceCv    | Reached skill level 1 in Hexes
 19762 | Lair:4   | Reached skill level 5 in Conjurations
 21195 | D:11     | Noticed Grum
 21207 | D:11     | Killed Grum
 21208 | D:11     | Reached ***** piety under Kikubaaqudgha
 21879 | D:12     | Reached skill level 5 in Armour
 22040 | D:12     | Identified the +2 buckler "Wocug" {Int+2}
 22809 | D:13     | Reached skill level 15 in Necromancy
 22909 | D:13     | Identified the +9 hand axe of the Mind {heavy, rElec rPois}
 23009 | D:13     | Found a gate to the Vaults.
 23043 | D:13     | Reached XP level 15. HP: 80/100 MP: 6/32
 23119 | D:13     | You fall into a shaft and drop 1 floor!
 24512 | D:14     | Found a runed translucent gate.
 24512 | D:14     | Found a runed translucent gate.
 24512 | D:14     | Found a runed translucent gate.
 24709 | D:14     | Found the +9 sword of Power {lifebolt}
 24873 | D:15     | Entered Level 15 of the Dungeon
 25095 | D:15     | Noticed a fire giant
 25112 | D:15     | Reached skill level 5 in Stealth
 25112 | D:15     | Killed a fire giant
 25146 | D:15     | Reached skill level 5 in Shields
 25355 | D:15     | Found a staircase to the Depths.
 25597 | D:15     | Identified Roxanne's Handbook of Vicissitude
 25597 | D:15     | Noticed Roxanne
 26293 | D:15     | HP: 5/100 [Roxanne/crystal spear (45)]
 26313 | D:15     | Killed Roxanne
 27080 | Lair:5   | Entered Level 5 of the Lair of Beasts
 27327 | Lair:5   | Found a staircase to the Slime Pits.
 27387 | Lair:5   | Found a viscous altar of Jiyva.
 27579 | Lair:5   | Reached skill level 10 in Short Blades
 27583 | Lair:5   | Reached ****** piety under Kikubaaqudgha
 27768 | D:13     | Identified a +2 rapier of pain (a +0 rapier bloodied by
                  | Kikubaaqudgha)
 27768 | D:13     | Received a gift from Kikubaaqudgha
 27996 | Lair:5   | Reached skill level 16 in Necromancy
 28130 | Lair:5   | Identified the ring of the Dolphin {Fire Will+}
 28507 | Lair:5   | Learned a level 5 spell: Borgnjor's Vile Clutch
 28778 | Orc:1    | Entered Level 1 of the Orcish Mines
 28778 | Orc:1    | Found Sicliqec's Distillery.
 29099 | Orc:1    | Noticed Erica
 29116 | Orc:1    | Killed Erica
 29117 | Orc:1    | Reached XP level 16. HP: 85/106 MP: 25/34
 29270 | Orc:2    | Entered Level 2 of the Orcish Mines
 29270 | Orc:2    | Found Arinker's Distillery.
 29273 | Orc:2    | Found a staircase to the Elven Halls.
 29277 | Orc:2    | Bought 2 potions of heal wounds for 140 gold pieces
 29277 | Orc:2    | Bought a potion of curing for 42 gold pieces
 29277 | Orc:2    | Bought a potion of magic for 112 gold pieces
 29470 | Orc:2    | Found a runed translucent door.
 29514 | Orc:2    | Found the +10 tower shield of Ignorance {rN+ Int-4}
 29525 | Orc:2    | Found a runed translucent door.
 29557 | Orc:2    | Noticed HourglassMan's ghost (journeyman MiBe)
 29566 | Orc:2    | Found a transporter.
 29598 | Orc:2    | Found a transporter.
 29638 | Orc:2    | Found Vipsorr's General Store.
 29682 | Orc:2    | Found Haguisch's General Store.
 30017 | Orc:2    | Reached skill level 15 in Spellcasting
 30035 | Orc:2    | Bought a scroll of enchant weapon for 97 gold pieces
 30038 | Orc:2    | Bought a scroll of acquirement for 728 gold pieces
 30730 | Orc:2    | Found Hegumieg's Antique Armour Emporium.
 30730 | Orc:2    | Found a one-way gate leading to the halls of Pandemonium.
 30730 | Orc:2    | Found Duit's Book Shoppe.
 30837 | Orc:2    | Bought a runed hat for 245 gold pieces
 31142 | Snake:1  | Entered Level 1 of the Snake Pit
 31442 | Snake:1  | HP: 1/107 [constriction (5)]
 31470 | Snake:1  | Found Heinguo's Magic Scroll Boutique.
 31479 | Snake:1  | Acquired the amulet of Lemuidiu {RegenMP rC+ rCorr MP+9}
 31587 | Snake:1  | Found Butwat's Jewellery Shop.
 31694 | Snake:1  | Found Ipobif's Distillery.
 31898 | Snake:1  | Reached skill level 17 in Necromancy
 31928 | Snake:1  | Reached skill level 5 in Dodging
 32497 | Snake:1  | Learned a level 2 spell: Passwall
 33035 | Snake:2  | Gained mutation: You are completely covered in razor-sharp
                  | scales. (AC +3, Slay +3) [demonic ancestry]
 33035 | Snake:2  | Reached XP level 17. HP: 103/113 MP: 36/36
 34485 | Snake:3  | HP: 3/113 [naga sharpshooter/arrow (23)]
 34485 | Snake:3  | Slain by a salamander

Illustrated notes

## ###.###....## #........... .#
### ##...# ##........## ## ###.##
#........# ## #..# #P##..#..##
.### ##.## ####..#.#.#. ...#
####..# #........... ...##
##P###.######........... ...P#
#..........#............ ..Z##
###......@................
...#####.........................
.......<...........###...........
...#P#######...##### #.###..#.#.#
...### ##.### #####...#### ...#
#....# #.....# #### ##...#####
##...## #### ###......## ##.#.#
...# #P#.......## #..##


Turn 15724 on Lair:2: Lair:3

Levels and vault maps discovered:
D:1:      nicolae_arrival_washed_ashore, layout_rooms
D:2:      layout_basic, nicolae_ecumenical_oubliette, kennysheep_nub,
          glass_columns_c
D:3:      layout_basic, hellmonk_ghost_happy_afterlife,
          chequers_serial_rivers_micro_d, uniq_jessica
D:4:      minmay_inner_zag, layout_loops_ring, trog_three_pillars_becter,
          serial_shops, shop, uniq_sigmund
D:5:      layout_loops_ring, mainiacjoe_overflow_chevrons, portal_sewer_entry_a
D:6:      layout_rooms, minmay_temple_entry_mist, minmay_misc_feat_roman
D:7:      layout_rooms, uniq_maggie
D:8:      layout_gridville, fedhas_altar_1, grunt_ministairs_6
D:9:      layout_stronghold, david_lair_generic
D:10:     layout_long_grid, hiddenorc1_lemuel
D:11:     layout_gridville, nicolae_zen_rock_garden, uniq_grum
D:12:     layout_grid_maze, chequers_serial_rivers_marsh,
          chequers_serial_rivers_marsh
D:13:     kennysheep_kobold_grotto, layout_basic, david_vaults_5
D:14:     layout_cave_pools, grunt_decor_clamped,
          ploomutoo_gammafunk_ghost_potion_laboratory, kennysheep_two_boxes
D:15:     hangedman_depths_entry_civil_slaughter, layout_grid_maze,
          abandoned_shop, kennysheep_four_rooms, uniq_roxanne
Temple:   compressed_dpeg_triangle_lava_temple
Lair:1:   minmay_lair_oklob_chamber, layout_cave_shapes, grunt_megastairs_1
Lair:2:   layout_roguey, swamp_mist, basic_altar, beast_lair_carwin_8
Lair:3:   layout_cave_pods, minmay_snake_entry_guardpost_large,
          nicolae_volcano_entry_lava_flow, uniq_rupert
Lair:4:   layout_regular_city, portal_ice_cave_entry_pillars_2,
          cheibrodos_lair_caveside_slide, hibernation_bobbens
Lair:5:   minmay_lair_end_enchanted_forest, layout_regular_city,
          nicolae_slime_entry_field_trip, lemuel_fruit_fields,
          infiniplex_staircase_pool_2
Snake:1:  layout_onion, serial_shops, shop, shop, shop, drop_trap,
          hangedman_snake_sidewinding
Snake:2:  layout_chambers, nicolae_snake_shapes, grunt_megastairs_5
Snake:3:  layout_onion, serial_shops, shop_coins, minmay_shoptagon,
          nicolae_integral_box
Orc:1:    layout_caves, serial_shops, nicolae_shop_statue_plus,
          minmay_orc_temple_a, uniq_erica
Orc:2:    pf_orc_diabolical, layout_caves, gammafunk_ghost_berserking_beasts,
          serial_shops, nicolae_shop_temple_entry_statues_fountains,
          roderic_batcave, chequers_guarded_unrand_ignorance

Skill      XL: |  1  2  3  4  5  6  7  8  9 10 11 12 13 14 15 16 17 |
---------------+----------------------------------------------------+-----
Stealth        | 2 3 4 5 |  5.6
Necromancy     | 5 6 7 8 9 10 12 13 14 15 16 17 | 17.5
Spellcasting   | 3 4 5 7 9 10 11 12 13 14 15 16 | 16.0
Dodging        | 2 3 4 5 |  5.3
Shields        | 1 2 3 4 6 7 |  7.8
Fighting       | 1 2 3 4 |  4.7
Short Blades   | 2 3 6 7 8 10 11 | 11.3
Armour         | 1 2 3 4 5 |  5.5
Evocations     | 1 |  1.5
Throwing       | 1 2 |  2.4
Air Magic      | 3 4 |  4.6
Conjurations   | 3 5 |  5.2
Poison Magic   | 3 4 |  4.7
Hexes          | 2 3 |  3.8
Transmutations | |  0.8

Action                     |  1- 3 |  4- 6 |  7- 9 | 10-12 | 13-15 | 16-18 || total
---------------------------+-------+-------+-------+-------+-------+-------++-------
  Melee: Unarmed           |     6 |       |       |       |       |       ||     6
         Dagger            |    15 |    37 |   128 |   126 |       |       ||   306
         Tailslap          |       |     1 |    11 |    82 |   176 |    67 ||   337
         Punch             |       |       |     2 |     7 |     6 |       ||    15
         Rapier            |       |       |       |   304 |   813 |   375 ||  1492
  Throw: Boomerang         |       |       |     8 |    30 |    11 |       ||    49
         Dart              |       |       |     2 |     9 |    17 |       ||    28
         Throwing net      |       |       |     1 |       |       |       ||     1
   Cast: Necrotise         |    61 |    98 |   158 |    10 |     1 |       ||   328
         Vampiric Draining |       |       |    37 |    49 |    71 |    53 ||   210
         Animate Dead      |       |       |     6 |    30 |    40 |    17 ||    93
         Agony             |       |       |     3 |    20 |     3 |       ||    26
         Wereblood         |       |       |     2 |    12 |     1 |       ||    15
         Sublimation of Bl |       |       |     2 |       |     6 |       ||     8
         Death Channel     |       |       |       |    10 |    32 |    18 ||    60
         Dispel Undead     |       |       |       |     4 |    15 |       ||    19
         Anguish           |       |       |       |    13 |    89 |    32 ||   134
         Mephitic Cloud    |       |       |       |     4 |    28 |     4 ||    36
         Borgnjor's Vile C |       |       |       |       |       |     3 ||     3
 Invoke: Unearth Wretches  |       |       |       |     7 |     3 |     3 ||    13
         Brand Weapon With |       |       |       |       |     1 |       ||     1
  Evoke: Wand              |       |       |     9 |    17 |     1 |       ||    27
    Use: Potion            |     1 |     5 |     3 |     7 |     2 |     7 ||    25
         Scroll            |     1 |     5 |     8 |    17 |    11 |     5 ||    47
   Stab: Sleeping          |     5 |     6 |     3 |     2 |     5 |     3 ||    24
         Distracted        |       |       |       |     6 |    11 |     5 ||    22
         Paralysed         |       |       |       |     2 |       |       ||     2
         Confused          |       |       |       |     1 |    30 |     4 ||    35
 Armour: Robe              |     3 |    10 |    57 |       |       |       ||    70
         Ring mail         |       |       |    22 |   175 |   194 |       ||   391
         Skin              |       |       |       |    65 |       |       ||    65
         Acid dragon scale |       |       |       |       |    77 |   126 ||   203
  Dodge: Dodged            |    21 |    39 |   162 |   257 |   256 |   151 ||   886
  Block: Other             |     3 |    38 |   154 |   203 |   137 |       ||   535
         Reflection        |       |     1 |     7 |     2 |    24 |    20 ||    54
         Buckler           |       |       |       |       |   346 |   308 ||   654
